 Dungeon Crawl Stone Soup version 0.27-a0-686-gaed091b46b (webtiles) character file.

Game seed: 7712719492014327664

632 jasper the Stinger (level 7, -12/50 HPs)
             Began as a Demonspawn Transmuter on Mar 20, 2021.
             Was a Follower of Cheibriados.
             Mangled by an orc warrior
             ... wielding a +0 hand axe
              (14 damage)
             ... on level 6 of the Dungeon.
             The game lasted 00:11:51 (6136 turns).

jasper the Stinger (Demonspawn Transmuter)          Turns: 6136, Time: 00:11:51

Health: -12/50     AC: -2    Str: 14    XL:     7   Next: 24%
Magic:  9/10       EV: 13    Int: 19    God:    Cheibriados [*.....]
Gold:   234        SH:  0    Dex: 22    Spells: 1/10 levels left

rFire    + . .     SeeInvis .     - Unarmed
rCold    . . .     Faith    .   (no shield)
rNeg     . . .     Spirit   .   o - +2 robe {Will+}
rPois    .         Reflect  .   (no helmet)
rElec    .         Harm     .   (no cloak)
rCorr    .         Rampage  .   (no gloves)
Will     .....                  p - +0 pair of boots
Stlth    ++........             (no amulet)
HPRegen  0.16/turn              g - ring of protection from fire
MPRegen  0.12/turn              k - +6 ring of dexterity

@: brilliant, lethally poisoned (-12 -> -46), weak-willed, corroded, flying,
very slow
A: powered by pain 2, sharp scales 1
a: Renounce Religion, Bend Time


You were on level 6 of the Dungeon.
You worshipped Cheibriados.
Cheibriados was aware of your devotion.
You visited 1 branch of the dungeon, and saw 6 of its levels.

You collected 234 gold pieces.

Inventory:

Missiles
 c - 104 arrows
 d - 110 stones
 h - 14 poisoned darts (quivered)
Armour
 a - a +0 robe
 n - a +1 ring mail of cold resistance
 o - a +2 robe of willpower (worn)
 p - a +0 pair of boots (worn)
Jewellery
 g - a ring of protection from fire (right hand)
 i - a ring of ice
 k - a +6 ring of dexterity (left hand)
Wands
 t - a wand of digging (4)
Scrolls
 e - 3 scrolls of identify
 f - 2 scrolls of magic mapping
Potions
 j - a potion of curing {unknown}
 q - a potion of degeneration {unknown}
 r - a potion of mutation {unknown}


   Skills:
 + Level 2.2 Fighting
 + Level 2.6 Dodging
 + Level 3.2 Unarmed Combat
 - Level 2.0 Spellcasting
 - Level 2.0 Translocations
 - Level 4.0 Transmutations
 + Level 4.0 Poison Magic
 * Level 3.2 Invocations


You had one spell level left.
You knew the following spells:

 Your Spells              Type           Power      Damage    Failure   Level
b - Blink                 Tloc           N/A        N/A       11%         2
c - Spider Form           Tmut/Pois      12%        N/A       10%         3
d - Olgreb's Toxic Radia  Pois           25%        N/A       32%         4

Your spell library contained the following spells:

 Spells                   Type           Power      Damage    Failure   Level
 Beastly Appendage        Tmut           52%        N/A       3%          1
 Sting                    Tmut/Pois      100%       1d8       3%          1
 Magic Dart               Conj           8%         1d3       17%         1
 Wereblood                Tmut           26%        N/A       4%          2
 Poisonous Vapours        Pois/Air       28%        N/A       11%         2
 Ignite Poison            Fire/Tmut/Pois 18%        N/A       17%         3
 Call Imp                 Summ           2%         N/A       26%         2
 Slow                     Hex            2%         N/A       26%         2
 Mephitic Cloud           Conj/Pois/Air  10%        N/A       28%         3
 Conjure Flame            Conj/Fire      2%         6-21      45%         3
 Ice Form                 Ice/Tmut       14%        N/A       58%         4
 Blade Hands              Tmut           13%        N/A       65%         5


Dungeon Overview and Level Annotations

Branches:
Dungeon (6/15)
 Temple: D:4-7

Altars:
Cheibriados
Dithmenos
Gozag
Kikubaaqudgha
Makhleb
Qazlal
Sif Muna
The Shining One

Shops:
D:5 (:

Annotations:
D:5 exclusion: gnoll


Innate Abilities, Weirdness & Mutations

You sometimes gain power by taking damage.
You are partially covered in razor-sharp scales. (AC +1, Slay +1)


Message History

Your memory of Beastly Appendage unravels.
You feel sick.
The orc shouts!
The worker ant barely misses you. The worker ant bites you.
You are more poisoned.
The worker ant poisons you!
The brown ugly thing tentacle-slaps you.
The acid corrodes you!
You are splashed with acid.
The worker ant bites you.
You are more poisoned.
The worker ant poisons you!
You take 11 damage, and have 37/50 hp.
MASSIVE DAMAGE!!
As you read the scroll labelled IGE SA DOST, it crumbles to dust.
Magic quickly surges around you.
It was a scroll of vulnerability.
You feel sick. The worker ant bites you!
You are more poisoned.
The worker ant poisons you! The worker ant closely misses you.
The worker ant barely misses you.
The brown ugly thing tentacle-slaps you.
The acid corrodes you!
You are splashed with acid!
You take 19 damage, and have 18/50 hp.
MASSIVE DAMAGE!!
Okay, then.
Okay, then.
Okay, then.
It was a potion of brilliance.
You feel clever all of a sudden.
You feel sick. The worker ant bites you.
* * * LOW HITPOINT WARNING * * *
The worker ant bites you.
* * * LOW HITPOINT WARNING * * *
You are more poisoned.
The worker ant poisons you!
The brown ugly thing closely misses you.
You take 14 damage, and have 4/50 hp.
MASSIVE DAMAGE!!
It was a potion of flight.
You feel very buoyant.
You fly up into the air.
* * * LOW HITPOINT WARNING * * *
You feel sick.
The orc warrior hits you with a +0 hand axe!
You die...

#........##.######
#........##.# #........##.#
## #.##'######.###### .
#.##.######....... #.
.............#####
#..#.##.######.......
#..#.B.....###..####.
.###..#@##.##.##........
......Buo..##.##...####.
####.o#o#####.##....[... ###
#..#.# #............. #...
#..#.#####.##........
#....###..........##...####.
#o....B.#.#.########...#
#.##.lo#.# #..... #.#..#.#
##..###


You could see a brown ugly thing (weak-willed), an orc warrior (weak-willed), 2
worker ants and 2 orcs.

Vanquished Creatures
  Duvessa (D:4)
  A centaur (D:4)
  A bullfrog (D:6)
  Dowan (D:4)
  An orc priest (D:3)
  2 hounds (D:4)
  Jessica (D:3)
  An iguana (D:3)
  3 worker ants (D:4)
  A mummy (D:5)
  3 adders
  6 worms
  A dart slug (D:4)
  2 leopard geckos
  4 orcs
  5 bats
  A giant cockroach (D:4)
  4 goblins
  8 hobgoblins
  8 jackals
  A quokka (D:1)
  2 ball pythons
  3 frilled lizards
  A jackal skeleton (D:4)
  8 kobolds
  A leopard gecko zombie (D:6)
  2 quokka skeletons
  2 rats (D:1)
75 creatures vanquished.

Notes
Turn   | Place    | Note
-------+----------+-------------------------------------------
     0 | D:1      | jasper the Demonspawn Transmuter began the quest for the
                  | Orb.
     0 | D:1      | Reached XP level 1. HP: 15/15 MP: 3/3
   288 | D:1      | Gained mutation: You sometimes gain a little power by
                  | taking damage. [demonic ancestry]
   288 | D:1      | Reached XP level 2. HP: 18/21 MP: 5/5
   291 | D:1      | Learned a level 2 spell: Blink
  1192 | D:2      | Reached XP level 3. HP: 26/26 MP: 4/6
  1196 | D:2      | Learned a level 3 spell: Spider Form
  1778 | D:2      | Reached skill level 1 in Poison Magic
  2814 | D:3      | Found a snail-covered altar of Cheibriados.
  3137 | D:3      | Noticed Jessica
  3148 | D:3      | Killed Jessica
  3149 | D:3      | Gained mutation: You are partially covered in razor-sharp
                  | scales. (AC +1, Slay +1) [demonic ancestry]
  3149 | D:3      | Reached XP level 4. HP: 10/32 MP: 5/7
  3414 | D:3      | Found a burning altar of Makhleb.
  3414 | D:3      | Found an ancient bone altar of Kikubaaqudgha.
  3514 | D:4      | Found a stormy altar of Qazlal.
  3582 | D:4      | Found an opulent altar of Gozag.
  3599 | D:3      | Found a shimmering blue altar of Sif Muna.
  3599 | D:3      | Found a shadowy altar of Dithmenos.
  3607 | D:3      | Became a worshipper of Cheibriados the Contemplative
  3727 | D:4      | Noticed Dowan
  3727 | D:4      | Noticed Duvessa
  3751 | D:4      | Killed Duvessa
  3752 | D:4      | Reached skill level 1 in Invocations
  3752 | D:4      | Gained mutation: You sometimes gain power by taking damage.
                  | [demonic ancestry]
  3752 | D:4      | Reached XP level 5. HP: 16/37 MP: 8/8
  3763 | D:4      | Killed Dowan
  3764 | D:4      | Reached XP level 6. HP: 17/43 MP: 9/9
  4335 | D:3      | Reached skill level 1 in Translocations
  4535 | D:4      | Reached * piety under Cheibriados
  4744 | D:4      | Reached XP level 7. HP: 33/49 MP: 6/10
  5273 | D:5      | Entered Level 5 of the Dungeon
  5322 | D:5      | Found Conaegeh's Antique Weapon Boutique.
  5415 | D:5      | Found a snail-covered altar of Cheibriados.
  5476 | D:5      | Found Gasinuer's Book Shop.
  5494 | D:5      | Learned a level 4 spell: Olgreb's Toxic Radiance
  6122 | D:6      | Noticed a brown ugly thing
  6136 | D:6      | HP: 2/50 [poisoned by a worker ant]
  6136 | D:6      | Mangled by an orc warrior

Illustrated notes

Levels and vault maps discovered:
D:1:      sevenhm_arrival_forest_fort_large_2, layout_basic,
          chequers_serial_rivers_micro_b, interstate_on_off
D:2:      layout_basic
D:3:      layout_basic, nicolae_overflow_hidden_temple, uniq_jessica
D:4:      layout_rooms, nicolae_qazlal_scattered_showers, grunt_decor_arrowhead,
          grunt_gozag_breadcrumbs, uniq_duvessa
D:5:      layout_basic, portal_sewer_entry_b, serial_shops, shop_statue, shop,
          nicolae_shop_statue_plus, shop, shop, basic_altar, chei_slow_surprise,
          uniq_eustachio
D:6:      layout_basic, lemuel_round_altar, minmay_manual_mess

Skill      XL: |  1  2  3  4  5  6  7 |
---------------+----------------------+-----
Transmutations | 2 3 4 |  4.0
Poison Magic   | 2 4 |  4.0
Invocations    | 1 2 3 |  3.2
Dodging        | 2 |  2.6
Unarmed Combat | 3 |  3.2
Translocations | 1 2 |  2.0
Fighting       | 2 |  2.2
Spellcasting   | |  2.0

Action                   |  1- 3 |  4- 6 |  7- 9 || total
-------------------------+-------+-------+-------++-------
Melee: Unarmed           |   134 |    74 |    32 ||   240
       Kick              |    16 |       |     3 ||    19
       Headbutt          |    12 |       |     1 ||    13
Throw: Stone             |    77 |       |       ||    77
       Dart              |       |     2 |     4 ||     6
 Cast: Beastly Appendage |    21 |       |     1 ||    22
       Spider Form       |       |    10 |     5 ||    15
       Blink             |       |     3 |       ||     3
  Use: Potion            |       |     2 |     2 ||     4
       Scroll            |       |       |     3 ||     3
Armor: Robe              |    15 |       |     4 ||    19
       Skin              |       |    20 |     1 ||    21
Dodge: Dodged            |    80 |    61 |    30 ||   171

Table legend: (Time is in decaauts)
 A = Elapsed time spent in this place.
 B = Non-inter-level travel time spent in this place.
 C = Inter-level travel time spent in this place.
 D = Time resting spent in this place.
 E = Time spent auto-exploring this place.
 F = Levels seen in this place.
 G = Mean time per level.
                   A        B        C        D        E       F      G
               +--------+--------+--------+--------+--------+-----+--------+
         Total |   6476 |   6203 |    273 |   1261 |   3827 |   6 | 1079.3 |
       Dungeon |   6476 |   6203 |    273 |   1261 |   3827 |   6 | 1079.3 |
               +--------+--------+--------+--------+--------+-----+--------+

Top non-repeatable levels by time:
     D:2: 1688 daAuts
     D:3: 1574 daAuts
     D:4: 1385 daAuts
     D:1: 866 daAuts
     D:6: 666 daAuts
     D:5: 294 daAuts
